 Dungeon Crawl Stone Soup version 0.30-a0-1160-g6e42c06551 (webtiles) character file.

Game seed: 11733104343948795475

76 BlasphemerAmon the Ducker (level 4, 0/34 HPs)
             Began as a Demonspawn Gladiator on Apr 25, 2023.
             Slain by an orc
             ... wielding a +2 spear of chaos
              (3 damage)
             ... on level 3 of the Dungeon.
             The game lasted 00:07:03 (1407 turns).

BlasphemerAmon the Ducker (Demonspawn Gladiator)    Turns: 1407, Time: 00:07:04

Health: 0/34       AC:  4    Str: 16    XL:     4   Next: 12%
Magic:  1/4        EV: 17    Int:  9    God:
Gold:   134        SH:  0    Dex: 15    Spells: 3/3 levels left

rFire   + + .        a - +0 long sword
rCold   + . .        (no shield)
rNeg    . . .        b - +0 leather armour
rPois   +            (helmet restricted)
rElec   +            (no cloak)
rCorr   +            (no gloves)
SInv    .            k - +0 pair of boots
Will    .....        (no amulet)
Stlth   +            (no ring)
HPRegen 0.25/turn    (no ring)
MPRegen 0.09/turn

%: no passive effects
@: agile, resistant
A: antennae 1, powered by pain 1, weakness stinger 1, fire resistance 1,
MP-powered wands
a: no special abilities


You were on level 3 of the Dungeon.
You visited 1 branch of the dungeon, and saw 3 of its levels.

You collected 134 gold pieces.

Inventory:

Hand Weapons
 a - a +0 long sword (weapon)
Missiles
 d - a throwing net (quivered)
 e - a javelin
Armour
 b - a +0 leather armour (worn)
 c - a +0 helmet
 k - a +0 pair of boots (worn)
Jewellery
 h - a ring of protection from fire
Wands
 f - a wand of roots (4)
Scrolls
 g - a scroll of noise
 l - a scroll of teleportation
 m - a scroll of blinking {unknown}
Potions
 i - a potion of might {unknown}
 j - a potion of heal wounds


   Skills:
 + Level 2.7 Fighting
 + Level 3.2 Long Blades
 + Level 2.4 Throwing
 + Level 3.3 Dodging


You had 3 spell levels left.
You didn't know any spells.
Your spell library was empty.

Dungeon Overview and Level Annotations

Branches:
Dungeon (3/15)

Altars:
Ru


Innate Abilities, Weirdness & Mutations

You have a pair of small antennae on your head.
You sometimes gain a little power by taking damage.
You have a small tail.
Your flesh is heat resistant. (rF+)
You expend magic power (3 MP) to strengthen your wands.


Message History

You kill the giant cockroach!
You see here a +0 short sword.
An orc comes into view. It is wielding a +2 spear of chaos.
The orc shouts!
You hear an angry hiss.
A ball python comes into view.
Found a book of Displacement.
An orc comes into view. It is wielding a +2 spear of chaos.
The orc barely misses you.
The orc shouts!
The ball python completely misses you. The ball python grabs you.
The ball python constricts you.
The orc hits you from afar with a +2 spear of chaos!
You escape the ball python's grasp.
You blink.
The orc hits you from afar with a +2 spear of chaos.
You closely miss the ball python.
Your tail-slap misses the ball python.
The ball python misses you. The ball python grabs you.
The ball python constricts you. The ball python bites you.
The ball python constricts you.
The orc hits you from afar with a +2 spear of chaos.
The orc freezes you.
You completely miss the ball python. The ball python bites you.
The ball python constricts you. The orc barely misses you.
The orc hits you but does no damage.
You slash the ball python!
You kill the ball python!
The orc hits you but does no damage. The orc barely misses you.
The orc hits you with a +2 spear of chaos.
You feel agile all of a sudden.
You see here a ball python corpse.
You hit the orc but do no damage. The orc misses you.
The orc hits you from afar with a +2 spear of chaos.
* * * LOW HITPOINT WARNING * * *
You feel your power leaking away. The orc barely misses you.
You barely miss the orc.
The orc hits you from afar with a +2 spear of chaos.
* * * LOW HITPOINT WARNING * * *
You feel protected.
The orc hits you with a +2 spear of chaos.
You die...

.. ##..........####
####......##.~.⌠#
#.....###....~
#....##..#.~.#.
#....##.#~~~..~
#....#~~#..#≈#≈
##....##~...#.~.
#...###o.#.....§
########...###@##..##
#.....#..#......##.#..
#........#####.o#.≈.#~
#......#######.#.~..~.#
###.......>..#.##.#~≈~.~.
.......<..<....##~..#~.⌠~
.............###≈#..~#~#~
###..........# ##≈.^##~~.
#..........# #≈#~..##


You could see 2 orcs.

Vanquished Creatures
  2 adders
  2 worms
  2 dart slugs
  8 orcs (D:3)
  4 ball pythons
  An endoplasm (D:2)
  A giant cockroach (D:3)
  5 hobgoblins
  A quokka (D:2)
  A frilled lizard (D:2)
  4 goblins
  4 kobolds
  6 rats
41 creatures vanquished.

Notes
Turn   | Place    | Note
-------+----------+-------------------------------------------
     0 | D:1      | BlasphemerAmon the Demonspawn Gladiator began the quest for
                  | the Orb.
     0 | D:1      | Reached XP level 1. HP: 16/16 MP: 1/1
   258 | D:1      | Discovered your monstrous ancestry.
   258 | D:1      | Gained mutation: You have a small tail. [demonic ancestry]
   258 | D:1      | Reached XP level 2. HP: 18/22 MP: 2/2
   728 | D:2      | Gained mutation: You sometimes gain a little power by
                  | taking damage. [demonic ancestry]
   728 | D:2      | Reached XP level 3. HP: 13/28 MP: 3/3
   866 | D:2      | Gained mutation: Your flesh is heat resistant. (rF+)
                  | [potion of mutation]
   866 | D:2      | Gained mutation: You expend magic power (3 MP) to
                  | strengthen your wands. [potion of mutation]
  1011 | D:3      | Found a sacrificial altar of Ru.
  1072 | D:3      | Gained mutation: You have a pair of small antennae on your
                  | head. [demonic ancestry]
  1072 | D:3      | Reached XP level 4. HP: 21/34 MP: 4/4
  1407 | D:3      | Slain by an orc

Illustrated notes

Levels and vault maps discovered:
D:1:      eino_arrival_tree_alley, layout_loops_cross, serial_forest,
          infiniplex_forest_lined_2, infiniplex_forest_corner_1,
          infiniplex_forest_lined_1, infiniplex_forest_end_3,
          infiniplex_forest_straight_1, infiniplex_forest_corner_1
D:2:      layout_basic, kennysheep_another_room
D:3:      layout_rooms, tgw_xom, nicolae_ru_sacrificial_ziggurat,
          shapermc_ecumenical_altar_starsandcircs, fountainhead

Skill      XL: |  1  2 |
---------------+-------+-----
Throwing       | 2 |  2.4
Dodging        | 3 |  3.3
Long Blades    | 3 |  3.2
Fighting       | |  2.7

Action                     |  1- 3 |  4- 6 || total
---------------------------+-------+-------++-------
  Melee: Long sword        |    91 |    17 ||   108
         Tailslap          |     6 |     3 ||     9
         Punch             |     2 |       ||     2
  Throw: Throwing net      |     4 |       ||     4
    Use: Scroll            |     2 |       ||     2
         Potion            |     3 |     1 ||     4
   Stab: Sleeping          |     1 |       ||     1
 Armour: Leather armour    |    26 |     5 ||    31
  Dodge: Dodged            |    65 |    13 ||    78

Table legend: (Time is in decaauts)
 A = Elapsed time spent in this place.
 B = Non-inter-level travel time spent in this place.
 C = Inter-level travel time spent in this place.
 D = Time resting spent in this place.
 E = Time spent auto-exploring this place.
 F = Levels seen in this place.
 G = Mean time per level.
                   A        B        C        D        E       F      G
               +--------+--------+--------+--------+--------+-----+--------+
         Total |   1433 |   1324 |    109 |      3 |      0 |   3 |  477.7 |
       Dungeon |   1433 |   1324 |    109 |      3 |      0 |   3 |  477.7 |
               +--------+--------+--------+--------+--------+-----+--------+

Top non-repeatable levels by time:
     D:2: 564 daAuts
     D:3: 499 daAuts
     D:1: 370 daAuts
